 Dungeon Crawl Stone Soup version 0.27-a0-998-g4cfe56dd59 (webtiles) character file.

Game seed: 3171485328732501503

1256 voltaire321 the Sneak (level 8, -3/54 HPs)
             Began as an Octopode Summoner on Apr 17, 2021.
             Killed from afar by a steam dragon (16 damage)
             ... with a ball of steam
             ... on level 6 of the Dungeon.
             The game lasted 00:20:17 (8480 turns).

voltaire321 the Sneak (Octopode Summoner)           Turns: 8480, Time: 00:20:18

Health: -3/54      AC:  1    Str:  7    XL:     8   Next: 51%
Magic:  6/14       EV: 14    Int: 24    God:
Gold:   288        SH:  0    Dex: 12    Spells: 2/15 levels left

rFire    . . .     SeeInvis .   t - +5 dagger of the Heavens {vorpal, *Rage Int+4 Stlth+}
rCold    . . .     Faith    .   (no shield)
rNeg     . . .     Spirit   .   (helmet restricted)
rPois    .         Reflect  .   B - amulet of the acrobat
rElec    .         Harm     .   (no ring)
rCorr    .         Rampage  .   (no ring)
Will     .....     Rnd*Rage +   (no ring)
Stlth    +++++.....             (no ring)
HPRegen  0.18/turn              (no ring)
MPRegen  0.14/turn              (no ring)
                                (no ring)
                                (no ring)

@: no status effects
A: almost no armour, amphibious, 8 rings, camouflage 1, gelatinous body 1,
(nimble swimmer 1), tentacles
a: no special abilities


You were on level 6 of the Dungeon.
You visited 1 branch of the dungeon, and saw 6 of its levels.
You also visited: Sewer and Ossuary.

You collected 288 gold pieces.

Inventory:

Hand Weapons
 m - a +3 dagger of electrocution
 t - the +5 dagger of the Heavens (weapon) {vorpal, *Rage Int+4 Stlth+}
   (You found it on level 4 of the Dungeon)

   It inflicts extra damage upon your enemies.
   It affects your intelligence (+4).
   It may make you go berserk in combat.
   It makes you more stealthy.
Missiles
 k - 34 poisoned darts (quivered)
 o - 3 javelins
Magical Staves
 A - a staff of poison
Jewellery
 B - an amulet of the acrobat (around mantle)
Scrolls
 a - 2 scrolls of holy word {unknown}
 b - 6 scrolls of identify
 d - a scroll of enchant armour
 e - a scroll of silence {unknown}
 f - 2 scrolls of teleportation {unknown}
 l - a scroll of enchant weapon
 p - a scroll of magic mapping
 q - a scroll of fog {unknown}
 u - a scroll of blinking {unknown}
 v - 2 scrolls of noise {unknown}
 y - 2 scrolls of immolation {unknown}
Potions
 c - a potion of haste {unknown}
 g - a potion of brilliance {unknown}
 h - 4 potions of lignification {unknown}
 i - 13 potions of curing
 j - 7 potions of heal wounds {unknown}
 n - a potion of mutation {unknown}
 r - 2 potions of might {unknown}
 s - a potion of cancellation {unknown}
 w - 2 potions of ambrosia {unknown}
 x - a potion of magic {unknown}
 z - a potion of degeneration {unknown}


   Skills:
 + Level 3.9 Fighting
 + Level 4.6 Dodging
 + Level 6.7 Stealth
 + Level 4.3 Spellcasting
 + Level 5.8 Summonings
 + Level 2.6 Ice Magic


You had 2 spell levels left.
You knew the following spells:

 Your Spells              Type           Power      Damage    Failure   Level
a - Call Imp              Summ           33%        N/A       1%          2
b - Call Canine Familiar  Summ           33%        N/A       2%          3
c - Summon Ice Beast      Ice/Summ       25%        N/A       17%         4
d - Frozen Ramparts       Ice            34%        1d5       10%         3
e - Summon Small Mammal   Summ           100%       N/A       1%          1

Your spell library contained the following spells:

 Spells                   Type           Power      Damage    Failure   Level
 Freeze                   Ice            68%        1d8       3%          1
 Animate Skeleton         Necr           10%        N/A       10%         1
 Pain                     Necr           20%        1d5       10%         1
 Sandblast                Erth           10%        2d5       10%         1
 Passwall                 Tmut/Erth      4%         N/A       14%         2
 Summon Guardian Golem    Hex/Summ       19%        N/A       9%          3
 Ozocubu's Armour         Ice            17%        N/A       10%         3
 Stone Arrow              Conj/Erth      10%        3d7       28%         3
 Vampiric Draining        Necr           2%         2d6       28%         3
 Summon Lightning Spire   Summ/Air       19%        N/A       28%         4
 Hailstorm                Conj/Ice       11%        3d5       50%         4
 Animate Dead             Necr           2%         N/A       67%         4
 Petrify                  Tmut/Erth      5%         N/A       67%         4
 Metabolic Englaciation   Hex/Ice        5%         N/A       83%         5
 Agony                    Necr           5%         N/A       95%         5
 Lee's Rapid Deconstruct  Erth           2%         3d6*      95%         5


Dungeon Overview and Level Annotations

Branches:
Dungeon (6/15)              Sewer (visited)         Ossuary (visited)
 Temple: D:4-7

Altars:
Ashenzari
Dithmenos
Elyvilon
Kikubaaqudgha
Nemelex Xobeh
Okawaru
Trog
Zin
The Shining One


Innate Abilities, Weirdness & Mutations

You cannot wear most types of armour.
You are amphibious.
You can wear up to eight rings at the same time.
Your skin changes colour to match your surroundings (Stealth+).
Your rubbery body absorbs attacks. (AC +1, EV +1)
((You are camouflaged near water. (Stealth+)))
You have tentacles for arms and can constrict up to eight enemies at once.


Message History

The steam dragon breathes steam at you. The ball of steam misses you.
You closely miss the steam dragon.
The steam dragon is lightly wounded.
You are engulfed in a cloud of scalding steam.
The steam dragon bites you. The steam dragon claws you.
Casting: Call Canine Familiar (dangerous; 2% risk of failure)
Confirm with . or Enter, or press ? or * to list all spells.
You are engulfed in a cloud of scalding steam.
The steam dragon barely misses you. The steam dragon closely misses you.
You are engulfed in a cloud of scalding steam.
Your hound bites the steam dragon but does no damage.
Your hound barely misses the steam dragon.
The steam dragon breathes steam at you. The ball of steam misses you.
Casting: Call Canine Familiar (dangerous; 2% risk of failure)
Confirm with . or Enter, or press ? or * to list all spells.
A beastly little devil appears in a puff of flame.
Casting: Call Imp (safe; 1% risk of failure)
Confirm with . or Enter, or press ? or * to list all spells.
A beastly little devil appears in a puff of flame.
The steam dragon bites you! The steam dragon closely misses you.
Your crimson imp hits the steam dragon but does no damage.
Casting: Call Imp (safe; 1% risk of failure)
Confirm with . or Enter, or press ? or * to list all spells.
A beastly little devil appears in a puff of flame.
The steam dragon misses you. The steam dragon closely misses you.
Your crimson imp hits the steam dragon but does no damage.
You hit the steam dragon.
You squeeze the steam dragon, but do no damage.
The steam dragon is moderately wounded.
You are engulfed in a cloud of scalding steam.
* * * LOW HITPOINT WARNING * * *
The steam dragon barely misses you. The steam dragon claws you.
* * * LOW HITPOINT WARNING * * *
Your crimson imp hits the steam dragon but does no damage.
You feel better. The steam dragon breathes steam at you.
The ball of steam hits you!
You die...

#....#...........
##########.#.##########
.......................
#####.......#############
...<........'.......
#####.......#######.
#.......#####
#.#####5######## #
#..5@....... .###.
#.#D######### #....
#.#5§Dh...... #.##. #
#.######### #. #.. #. #.#
.... #.# #### #.. # #.# .


You could see a steam dragon (catching breath, ally target) and 3 friendly
crimson imps.

Vanquished Creatures
  Sigmund (D:2)
  A centaur (D:5)
  A bullfrog (D:6)
  A kobold brigand (Sewer)
  2 scorpions (D:5)
  5 water moccasin zombies (Ossuary)
  A centaur zombie (D:6)
  A jelly (D:5)
  A bullfrog skeleton (D:5)
  A centaur skeleton (D:6)
  Jessica (D:2)
  3 iguanas
  2 mummies (Ossuary)
  A howler monkey skeleton (D:5)
  8 adders
  4 river rats (Sewer)
  5 adder zombies (Ossuary)
  2 worms (D:2)
  2 dart slugs
  5 orcs
  7 ball pythons
  8 bats
  4 endoplasms
  2 giant cockroaches
  4 goblins
  5 hobgoblins
  6 jackals
  2 quokkas
  4 frilled lizards
  3 gnoll zombies (Ossuary)
  3 hobgoblin zombies (Ossuary)
  18 kobolds
  7 kobold zombies (Ossuary)
  An orc zombie (Ossuary)
  33 rats
155 creatures vanquished.

Vanquished Creatures (collateral kills)
  A bullfrog zombie (D:6)
  An orc wizard (D:6)
  4 river rats (Sewer)
  A dart slug (D:1)
  3 orcs
  2 endoplasms (D:1)
  A goblin (D:1)
  A hobgoblin (D:2)
  6 jackals
  5 kobolds
  A quokka (D:1)
  3 ball pythons
  A bat (D:2)
  6 rats
36 creatures vanquished.

Grand Total: 191 creatures vanquished

Notes
Turn   | Place    | Note
-------+----------+-------------------------------------------
     0 | D:1      | voltaire321 the Octopode Summoner began the quest for the
                  | Orb.
     0 | D:1      | Reached XP level 1. HP: 11/11 MP: 3/3
   244 | D:1      | Reached XP level 2. HP: 18/18 MP: 5/5
   247 | D:1      | Learned a level 2 spell: Call Imp
   414 | D:1      | Reached skill level 3 in Stealth
   731 | D:1      | Found a faded altar of an unknown god.
  1419 | D:2      | Reached XP level 3. HP: 22/22 MP: 3/6
  1490 | D:2      | Noticed Sigmund
  1836 | D:2      | Reached skill level 1 in Fighting
  2175 | D:2      | Learned a level 3 spell: Call Canine Familiar
  2506 | D:2      | Reached XP level 4. HP: 17/28 MP: 7/7
  2737 | D:2      | Killed Sigmund
  2738 | D:2      | Reached skill level 4 in Stealth
  2738 | D:2      | Reached XP level 5. HP: 34/34 MP: 1/9
  2849 | D:2      | Noticed Jessica
  2853 | D:2      | Killed Jessica
  3492 | D:3      | Found a sparkling altar of Nemelex Xobeh.
  4100 | D:3      | Found a bloodstained altar of Trog.
  4108 | D:3      | Found an ancient bone altar of Kikubaaqudgha.
  4114 | D:3      | Found an iron altar of Okawaru.
  4117 | D:3      | Found a broken altar of Ashenzari.
  4568 | D:3      | Reached XP level 6. HP: 39/39 MP: 10/10
  4747 | D:4      | Found a glowing silver altar of Zin.
  4764 | D:4      | Found a glowing drain.
  4769 | D:4      | Found a shadowy altar of Dithmenos.
  4783 | Sewer    | Entered a sewer
  5125 | Sewer    | Reached skill level 5 in Stealth
  5442 | Sewer    | Reached skill level 5 in Summonings
  5545 | Sewer    | Reached XP level 7. HP: 41/45 MP: 9/12
  5554 | Sewer    | Learned a level 4 spell: Summon Ice Beast
  6045 | D:4      | Identified the +5 dagger of the Heavens {vorpal, *Rage
                  | Int+4 Stlth+}
  6196 | D:4      | Found a glowing golden altar of the Shining One.
  6197 | D:4      | Found a white marble altar of Elyvilon.
  6498 | D:5      | Entered Level 5 of the Dungeon
  6519 | D:5      | Found a sand-covered staircase.
  6535 | Ossuary  | Entered an ossuary
  6600 | Ossuary  | Reached skill level 1 in Ice Magic
  6821 | Ossuary  | Learned a level 3 spell: Frozen Ramparts
  6886 | Ossuary  | Reached skill level 6 in Stealth
  6977 | Ossuary  | Reached XP level 8. HP: 47/52 MP: 13/13
  8480 | D:6      | Killed from afar by a steam dragon

Illustrated notes

Levels and vault maps discovered:
D:1:      roderic_chinese_lattice_arrival, layout_loops_corners,
          ebering_ecumenical_altar_abandoned
D:2:      kb_forest_paths, layout_basic, uniq_jessica, uniq_sigmund
D:3:      layout_basic, overflow_temple_1_default,
          grunt_temple_overflow_cloverleaf, minmay_misc_feat_plants,
          grunt_ministairs_10
D:4:      layout_loops_cross, good_gods_temple_1, overflow_temple_1_default,
          cheibrodos_sewer_entry_drain, minmay_rat_hole
D:5:      layout_cave_pools, nicolae_ossuary_entry_ruins, patterned_corridor
D:6:      layout_basic, nicolae_overflow_crystal_walls,
          minmay_temple_entry_proselytizer, serial_undead, serial_undead_a,
          serial_undead_a, serial_undead_c, serial_undead_f

Skill      XL: |  1  2  3  4  5  6  7  8 |
---------------+-------------------------+-----
Stealth        | 3 4 5 6 |  6.7
Fighting       | 1 2 3 |  3.9
Dodging        | 3 4 |  4.6
Spellcasting   | 3 4 |  4.3
Summonings     | 5 |  5.8
Ice Magic      | 1 2 |  2.6

Action                   |  1- 3 |  4- 6 |  7- 9 || total
-------------------------+-------+-------+-------++-------
Melee: Unarmed           |    38 |       |       ||    38
       Constrict         |    25 |    35 |    32 ||    92
       Tentacles         |    15 |    15 |    17 ||    47
       Short sword       |    30 |       |       ||    30
       Dagger            |    10 |   143 |   160 ||   313
 Cast: Summon Small Mamm |     1 |       |       ||     1
       Call Imp          |    16 |    13 |     6 ||    35
       Call Canine Famil |       |     1 |     4 ||     5
  Use: Scroll            |       |     2 |     3 ||     5
       Potion            |       |       |     1 ||     1
 Stab: Sleeping          |     2 |    12 |    19 ||    33
Armor: Skin              |    13 |     8 |    10 ||    31
Dodge: Dodged            |    59 |    91 |   118 ||   268

Table legend: (Time is in decaauts)
 A = Elapsed time spent in this place.
 B = Non-inter-level travel time spent in this place.
 C = Inter-level travel time spent in this place.
 D = Time resting spent in this place.
 E = Time spent auto-exploring this place.
 F = Levels seen in this place.
 G = Mean time per level.
                   A        B        C        D        E       F      G
               +--------+--------+--------+--------+--------+-----+--------+
         Total |   8512 |   8361 |    151 |   2434 |   4394 |   8 | 1064.0 |
       Dungeon |   6866 |   6715 |    151 |   1621 |   4046 |   6 | 1144.3 |
         Sewer |   1149 |   1149 |      0 |    490 |    348 |   1 | 1149.0 |
       Ossuary |    496 |    496 |      0 |    322 |      0 |   1 |  496.0 |
               +--------+--------+--------+--------+--------+-----+--------+

Top non-repeatable levels by time:
     D:2: 1906 daAuts
     D:1: 1412 daAuts
     D:3: 1365 daAuts
   Sewer: 1149 daAuts
     D:5: 1090 daAuts
     D:4: 664 daAuts
 Ossuary: 496 daAuts
     D:6: 426 daAuts
